 Dungeon Crawl Stone Soup version 0.30-a0-347-gf58ed5266c (webtiles) character file.

Game seed: 13516777024554885524

653 purpskrrrp the Trooper (level 7, -2/56 HPs)
             Began as a Demonspawn Fighter on Nov 5, 2022.
             Was an Initiate of Ashenzari.
             Killed from afar by an oklob plant (18 damage)
             ... with a splash of acid
             ... created by the enmity of Fedhas Madash
             ... on level 5 of the Dungeon.
             The game lasted 00:08:41 (3622 turns).

purpskrrrp the Trooper (Demonspawn Fighter)         Turns: 3622, Time: 00:08:42

Health: -2/56      AC: 10    Str: 18      XL:     7   Next: 28%
Magic:  7/7        EV:  9    Int:  9      God:    Ashenzari [......]
Gold:   171        SH: 12    Dex: 12 (13) Spells: 6/6 levels left

rFire   + . .      SeeInvis .    a - +0 war axe
rCold   . . .      Faith    .    e - +3 buckler
rNeg    . . .      Spirit   .    b - +0 scale mail
rPois   .          Reflect  .    i - +0 hat
rElec   .          Harm     .    (no cloak)
rCorr   .          Rampage  .    s - +0 pair of gloves
Will    +....                    f - +2 pair of boots
Stlth   ..........               (no amulet)
HPRegen 0.29/turn                m - ring of willpower
MPRegen 0.10/turn                q - ring of protection from fire

@: mighty, about to teleport, corroded, unable to drink
A: antennae 1, yellow scales 1, icemail 1, condensation shield, deformed body,
inability to drink after injury 1, MP-powered wands
a: Renounce Religion


You were on level 5 of the Dungeon.
You worshipped Ashenzari.
Ashenzari was noncommittal.
You visited 1 branch of the dungeon, and saw 5 of its levels.

You collected 171 gold pieces.

Inventory:

Hand Weapons
 a - a +0 war axe (weapon)
Missiles
 r - a throwing net (quivered)
 t - a curare-tipped dart
 u - a silver javelin
Armour
 b - a +0 scale mail (worn)
 c - a +0 buckler
 e - a +3 buckler (worn)
 f - a +2 pair of boots (worn)
 i - a +0 hat (worn)
 s - a +0 pair of gloves (worn)
Jewellery
 m - a ring of willpower (left hand)
 n - a ring of protection from cold
 q - a ring of protection from fire (right hand)
Wands
 o - a wand of acid (7)
Potions
 g - 3 potions of curing
 h - a potion of haste {unknown}
 j - 2 potions of brilliance
 l - a potion of degeneration {unknown}
 p - a potion of mutation
 w - 3 potions of flight


   Skills:
 + Level 5.0 Fighting
 + Level 3.9 Axes
 + Level 4.4 Armour
 + Level 4.4 Shields


You had 6 spell levels left.
You didn't know any spells.
Your spell library contained the following spells:

 Spells                   Type           Power      Damage    Failure   Level
 Apportation              Tloc           0%         N/A       85%         1
 Slow                     Hex            0%         N/A       85%         1
 Scorch                   Fire           0%         2d5       94%         2
 Confusing Touch          Hex            0%         N/A       99%         3
 Portal Projectile        Hex/Tloc       0%         N/A       99%         3
 Tukima's Dance           Hex            0%         N/A       99%         3
 Vampiric Draining        Necr           0%         2d6       99%         3
 Flame Wave               Conj/Fire      0%         2d4       100%        4
 Alistair's Intoxication  Tmut/Pois      0%         N/A       100%        5
 Blade Hands              Tmut           0%         N/A       100%        5
 Summon Cactus Giant      Summ           0%         N/A       100%        6


Dungeon Overview and Level Annotations

Branches:
Dungeon (5/15)
 Temple: D:4-7

Altars:
Ashenzari
Fedhas

Shops:
D:2 =   D:4 ((

Annotations:
D:5 exclusion: 6 oklob plants


Innate Abilities, Weirdness & Mutations

You have a pair of small antennae on your head.
You are partially covered in yellow scales. (AC +2)
A meltable icy envelope protects you from harm. (AC +4)
A meltable shield of frost defends you. (SH +4)
Armour fits poorly on your strangely shaped body.
You occasionally lose the ability to drink potions when taking damage.
You expend magic power (3 MP) to strengthen your wands.


Message History

The iguana bites you but does no damage.
You slash the iguana!
You kill the iguana!
The gnoll barely misses you.
Your Fighting skill increases to level 5!
The gnoll hits you but does no damage.
You barely miss the gnoll. The gnoll closely misses you.
The gnoll hits you but does no damage.
You slash the gnoll!
The gnoll is severely wounded.
The gnoll hits you with a +0 halberd.
You hit the gnoll but do no damage.
The gnoll is severely wounded.
The gnoll hits you but does no damage.
You completely miss the gnoll.
The gnoll is severely wounded.
The gnoll closely misses you. You block the gnoll's attack.
You slash the gnoll!
You kill the gnoll!
Things that are here:
a +0 halberd; a gnoll corpse You now have 171 gold pieces (gained 14).
Plants grow around you in an ominous manner.
Marking area around 6 oklob plants as unsafe for travelling. 6 oklob plants come into view.
As you read the scroll of teleportation, it crumbles to dust.
You feel strangely unstable.
You feel very mighty all of a sudden. The oklob plant spits acid at you.
The splash of acid hits you! The acid corrodes you!
The oklob plant spits acid at you.
Fedhas protects a plant from harm.
The splash of acid hits you! The oklob plant spits acid at you.
The splash of acid hits you!
You feel threatened and lose the ability to drink potions!
* * * LOW HITPOINT WARNING * * *
The oklob plant spits acid at you. The splash of acid hits you!!
You die...

#+#..................+...
.....................####
.........#.###.......+<.#
......)..#.# #.......##..
......).)#.# #...........
.......P.#.# ####+##.....
........P#.# #.....
.....PP..#+## +.....
........@P..# #.....
######......# #.....
#...P..# #..... #.......#
#..... #......... #.....
#......##.# .. #......#
.. ### #......#


You could see 6 oklob plants.

Vanquished Creatures
  Eustachio (D:5)
  A centaur (D:5)
  A necrophage (D:4)
  3 hounds
  Jessica (D:3)
  An iguana (D:5)
  Robin (D:4)
  6 gnolls
  6 adders
  An ufetubus (D:5)
  A dart slug (D:1)
  An orc (D:4)
  10 ball pythons
  7 endoplasms
  6 giant cockroaches
  20 goblins
  7 hobgoblins
  2 jackals (D:4)
  11 kobolds
  4 quokkas
  3 training dummies (D:4)
  4 bats
  3 frilled lizards
  5 rats
106 creatures vanquished.

Notes
Turn   | Place    | Note
-------+----------+-------------------------------------------
     0 | D:1      | purpskrrrp the Demonspawn Fighter began the quest for the
                  | Orb.
     0 | D:1      | Reached XP level 1. HP: 18/18 MP: 1/1
    37 | D:1      | Gained mutation: A meltable shield of frost defends you.
                  | (SH +4) [demonic ancestry]
    37 | D:1      | Reached XP level 2. HP: 19/24 MP: 2/2
   329 | D:1      | Gained mutation: You have a pair of small antennae on your
                  | head. [demonic ancestry]
   329 | D:1      | Reached XP level 3. HP: 20/29 MP: 3/3
   950 | D:2      | Found Vyigun's Jewellery Shop.
  1160 | D:2      | Found a faded altar of an unknown god.
  1358 | D:2      | Reached XP level 4. HP: 36/36 MP: 4/4
  1459 | D:2      | Prayed at the altar of an unknown god.
  1459 | D:2      | Became a worshipper of Fedhas Madash
  1459 | D:2      | Reached * piety under Fedhas
  1560 | D:3      | Noticed Jessica
  1577 | D:3      | Killed Jessica
  2576 | D:4      | Reached skill level 4 in Fighting
  2576 | D:4      | Gained mutation: A meltable icy envelope protects you from
                  | harm. (AC +4) [demonic ancestry]
  2576 | D:4      | Reached XP level 5. HP: 42/42 MP: 5/5
  2604 | D:4      | Found Ojafix's Firing Range.
  2676 | D:4      | Reached ** piety under Fedhas
  2696 | D:4      | Noticed Robin
  2704 | D:4      | Killed Robin
  2760 | D:4      | Found Ana Vuod's Weapon Shop.
  2981 | D:4      | Found a broken altar of Ashenzari.
  2988 | D:4      | Reached XP level 6. HP: 49/49 MP: 6/6
  2992 | D:4      | Fell from the grace of Fedhas
  2994 | D:4      | Became a worshipper of Ashenzari the Shackled
  3300 | D:5      | Entered Level 5 of the Dungeon
  3355 | D:5      | Noticed Eustachio
  3394 | D:5      | Gained mutation: Armour fits poorly on your strangely
                  | shaped body. [potion of mutation]
  3394 | D:5      | Gained mutation: You occasionally lose the ability to drink
                  | potions when taking damage. [potion of mutation]
  3394 | D:5      | Gained mutation: You expend magic power (3 MP) to
                  | strengthen your wands. [potion of mutation]
  3400 | D:5      | Killed Eustachio
  3401 | D:5      | Gained mutation: You are partially covered in yellow
                  | scales. (AC +2) [demonic ancestry]
  3401 | D:5      | Reached XP level 7. HP: 34/55 MP: 7/7
  3494 | D:5      | Reached skill level 5 in Fighting
  3620 | D:5      | Noticed an oklob plant
  3620 | D:5      | Noticed an oklob plant
  3620 | D:5      | Noticed an oklob plant
  3620 | D:5      | Noticed an oklob plant
  3620 | D:5      | Noticed an oklob plant
  3620 | D:5      | Noticed an oklob plant
  3622 | D:5      | Killed from afar by an oklob plant

Illustrated notes

Levels and vault maps discovered:
D:1:      mushboom_english_gardens, layout_basic, chequers_avenue,
          minmay_box_of_dots
D:2:      minmay_skewed_foursquare, layout_rooms, ebering_ecumenical_altar_hall,
          serial_shops, nicolae_shop_advertising_works
          [nicolae_subvault_shop_adworks]
D:3:      cheibrodos_helix_gallery, layout_basic, uniq_jessica
D:4:      layout_loops_ring, lemuel_doored_altar, serial_shops,
          kennysheep_mini_moat, nicolae_shop_firing_range, uniq_robin
D:5:      layout_basic, slow_altar_1, minmay_temple_entry_mini_moons,
          serial_shops, kennysheep_mini, uniq_eustachio

Skill      XL: |  1  2  3  4  5  6  7 |
---------------+----------------------+-----
Axes           | 2 3 |  3.9
Shields        | 3 4 |  4.4
Armour         | 3 4 |  4.4
Fighting       | 4 5 |  5.0

Action                   |  1- 3 |  4- 6 |  7- 9 || total
-------------------------+-------+-------+-------++-------
Melee: War axe           |   105 |   194 |    16 ||   315
Throw: Dart              |       |     1 |       ||     1
       Javelin           |       |     1 |       ||     1
Invok: Renounce Religion |       |     1 |       ||     1
  Use: Scroll            |     3 |     9 |     1 ||    13
       Potion            |       |     3 |     1 ||     4
Armor: Scale mail        |    55 |   102 |     7 ||   164
Dodge: Dodged            |    38 |   117 |    12 ||   167
Block: Buckler           |    52 |   173 |    14 ||   239

Table legend: (Time is in decaauts)
 A = Elapsed time spent in this place.
 B = Non-inter-level travel time spent in this place.
 C = Inter-level travel time spent in this place.
 D = Time resting spent in this place.
 E = Time spent auto-exploring this place.
 F = Levels seen in this place.
 G = Mean time per level.
                   A        B        C        D        E       F      G
               +--------+--------+--------+--------+--------+-----+--------+
         Total |   3752 |   3424 |    328 |      0 |   2577 |   5 |  750.4 |
       Dungeon |   3752 |   3424 |    328 |      0 |   2577 |   5 |  750.4 |
               +--------+--------+--------+--------+--------+-----+--------+

Top non-repeatable levels by time:
     D:3: 1049 daAuts
     D:1: 903 daAuts
     D:4: 768 daAuts
     D:2: 681 daAuts
     D:5: 349 daAuts
